 Dungeon Crawl Stone Soup version 0.31.0-12-g77e489cdc1 (webtiles) character file.

Game seed: 8185965263911459771

200 Gadfly the Trooper (level 5, 0/33 HPs)
             Began as a Gargoyle Fighter on Mar 7, 2024.
             Slain by a kobold brigand
             ... wielding a +0 dagger
              (3 damage)
             ... on level 4 of the Dungeon.
             The game lasted 00:02:59 (2937 turns).

Gadfly the Trooper (Gargoyle Fighter)               Turns: 2937, Time: 00:02:59

Health: 0/33       AC: 15    Str: 19    XL:     5   Next: 79%
Magic:  6/6        EV:  7    Int:  9    God:
Gold:   210        SH:  6    Dex: 11    Spells: 4/4 levels left

rFire   + . .        a - +0 flail
rCold   . . .        f - +2 buckler {rF+}
rNeg    + . .        j - +0 chain mail
rPois   ∞            (no helmet)
rElec   +            (no cloak)
rCorr   .            (no gloves)
SInv    .            g - +1 pair of boots
Will    .....        (no amulet) Stlth
                     (no ring)
HPRegen 0.25/turn    (no ring)
MPRegen 0.10/turn

%: no passive effects
@: mighty
A: sickness immunity, AC +4, negative energy resistance 1, electricity
resistance, torment resistance 1, petrification resistance
a: no special abilities


You were on level 4 of the Dungeon.
You visited 1 branch of the dungeon, and saw 4 of its levels.

You collected 210 gold pieces.

Inventory:

Hand Weapons
 a - a +0 flail (weapon)
Armour
 f - a +2 buckler of fire resistance (worn)
 g - a +1 pair of boots (worn)
 j - a +0 chain mail (worn)
Wands
 k - a wand of iceblast (2) (quivered)
Scrolls
 b - a scroll of silence {unknown}
 c - a scroll of teleportation
 i - 2 scrolls of identify
Potions
 e - a potion of curing
 h - a potion of enlightenment


   Skills:
 + Level 3.9 Fighting
 * Level 3.2 Maces & Flails
 + Level 3.7 Armour
 + Level 3.8 Shields
 * Level 2.5 Invocations
 * Level 2.1 Evocations


You had 4 spell levels left.
You didn't know any spells.
Your spell library contained the following spells:

 Spells                   Type           Power      Damage    Failure   Level
 Kiss of Death            Conj/Necr      0%         2d5       99%         1
 Confusing Touch          Hex            0%         N/A       100%        3
 Dispel Undead            Necr           0%         3d6       100%        4


Dungeon Overview and Level Annotations

Branches:
Dungeon (4/15)
 Temple: D:4-7

Altars:
Ashenzari
Makhleb


Innate Abilities, Weirdness & Mutations

You are immune to sickness and miasma.
Your stone body is resilient. (AC +4)
You are immune to poison.
You resist negative energy. (rN+)
You are resistant to electric shocks. (rElec)
You are resistant to unholy torment.
You are immune to petrification.


Message History

The frilled lizard bites you but does no damage.
The kobold brigand hits you with a +0 dagger.
* * * LOW HITPOINT WARNING * * *
The frilled lizard bites you.
* * * LOW HITPOINT WARNING * * *
The rat bites the bush but does no damage.
You miss the frilled lizard.
The kobold brigand hits you but does no damage.
The rat bites the bush but does no damage.
You block the frilled lizard's attack.
You sock the frilled lizard!
You kill the frilled lizard!
The kobold brigand barely misses you.
You feel very mighty all of a sudden. You block the kobold brigand's attack.
The rat bites the bush but does no damage.
You block the rat's attack.
You thump the kobold brigand!
The kobold brigand is almost dead.
You block the kobold brigand's attack. The rat bites you but does no damage.
The rat bites the bush but does no damage.
Unknown command.
You closely miss the kobold brigand.
The kobold brigand is almost dead.
The kobold brigand hits you with a +0 dagger.
* * * LOW HITPOINT WARNING * * *
The rat bites you but does no damage.
The rat bites the bush but does no damage.
The kobold brigand closely misses you. You block the rat's attack.
The rat bites the bush but does no damage.
You closely miss the kobold brigand.
The kobold brigand is almost dead.
The kobold brigand hits you with a +0 dagger.
* * * LOW HITPOINT WARNING * * *
The rat bites you but does no damage.
The rat bites the bush but does no damage.
Unknown command.
You closely miss the rat.
The kobold brigand hits you with a +0 dagger.
You die...

♣#.?...P♣ #.......♣
♣...§§..# ~......
.....P .r÷P# #rP# #
#@#####.. #K#......
###K.......
####...†...... ...
#..#.####..... ...
#.#....# .....
..######.##.######.....
......#...............
#+#....<...##'######
+##


You could see a kobold brigand, a kobold and 2 rats.

Vanquished Creatures
  An orc priest (D:4)
  Ijyb (D:3)
  Terence (D:2)
  6 adders
  A dart slug (D:4)
  7 orcs
  3 ball pythons
  4 bats (D:1)
  3 endoplasms
  2 giant cockroaches
  9 hobgoblins
  11 kobolds
  4 quokkas
  3 frilled lizards
  3 goblins (D:2)
  3 rats
62 creatures vanquished.

Notes
Turn   | Place    | Note
-------+----------+-------------------------------------------
     0 | D:1      | Gadfly the Gargoyle Fighter began the quest for the Orb.
     0 | D:1      | Reached XP level 1. HP: 14/14 MP: 1/1
   173 | D:1      | Reached XP level 2. HP: 19/19 MP: 2/2
   308 | D:1      | Reached skill level 1 in Invocations
   677 | D:2      | Noticed Terence
   693 | D:2      | Killed Terence
   694 | D:2      | Reached skill level 1 in Evocations
   694 | D:2      | Reached XP level 3. HP: 12/23 MP: 2/4
   855 | D:2      | Reached XP level 4. HP: 28/28 MP: 5/5
  1513 | D:3      | Found a broken altar of Ashenzari.
  1684 | D:3      | Found a burning altar of Makhleb.
  1719 | D:3      | Reached XP level 5. HP: 28/33 MP: 6/6
  1754 | D:3      | Noticed Ijyb
  1773 | D:3      | Killed Ijyb
  2898 | D:4      | Noticed a kobold brigand
  2937 | D:4      | Slain by a kobold brigand

Illustrated notes

Levels and vault maps discovered:
D:1:      mrwooster_arrival_arrow, layout_basic, st_stairs_6,
          serial_bayou_pond_b
D:2:      layout_basic, kennysheep_generic_room_2, uniq_terence
D:3:      layout_basic, bloody_makhleb, ashenzari_altar_1,
          chequers_serial_rivers_small_b, uniq_ijyb
D:4:      layout_basic, nicolae_overflow_crystal_walls, lexackson_kobold_supper

Skill      XL: |  1  2  3  4  5 |
---------------+----------------+-----
Invocations    | 1 2 |  2.5
Evocations     | 1 2 |  2.1
Maces & Flails | 3 |  3.2
Fighting       | |  3.9
Armour         | |  3.7
Shields        | |  3.8

Action                     |  1- 3 |  4- 6 || total
---------------------------+-------+-------++-------
  Melee: Flail             |    97 |   190 ||   287
    Use: Scroll            |     4 |     2 ||     6
         Potion            |     1 |     2 ||     3
 Armour: Scale mail        |    66 |   117 ||   183
         Chain mail        |       |    65 ||    65
  Dodge: Dodged            |    54 |    74 ||   128
  Block: Buckler           |    20 |    85 ||   105
